 Dungeon Crawl Stone Soup version 0.32-a0-599-gba8f9cf90e (webtiles) character file.

Game seed: 6738441534669241465

1575 CougarLife the Geomancer (level 8, -1/41 HPs)
             Began as a Gargoyle Earth Elementalist on Mar 2, 2024.
             Was an Initiate of Vehumet.
             Shot with an arrow by a centaur (3 damage)
             ... on level 6 of the Dungeon.
             The game lasted 00:06:28 (6526 turns).

CougarLife the Geomancer (GrEE)                     Turns: 6526, Time: 00:06:29

Health: -1/41      AC: 14    Str: 12    XL:     8   Next: 91%
Magic:  17/17      EV: 11    Int: 24    God:    Vehumet [......]
Gold:   357        SH:  0    Dex: 10    Spells: 15/19 levels left

rFire   . . .        m - +2 dagger (venom)
rCold   . . .        (no shield)
rNeg    + . .        a - +0 robe
rPois   ∞            i - +0 helmet
rElec   +            x - +0 cloak
rCorr   .            k - +1 pair of gloves
SInv    .            s - +2 pair of boots
Will    .....        v - amulet of magic regeneration
Stlth   ++           f - +6 ring of intelligence
HPRegen 0.26/turn    (no ring)
MPRegen 0.55/turn

%: no passive effects
@: no status effects
A: sickness immunity, AC +5, negative energy resistance 1, electricity
resistance, torment resistance 1, petrification resistance
a: Renounce Religion


You were on level 6 of the Dungeon.
You worshipped Vehumet.
Vehumet was noncommittal.
You visited 2 branches of the dungeon, and saw 7 of its levels.

You collected 357 gold pieces.

Inventory:

Hand Weapons
 m - a +2 dagger of venom (weapon)
Armour
 a - a +0 robe (worn)
 i - a +0 helmet (worn)
 k - a +1 pair of gloves (worn)
 s - a +2 pair of boots (worn)
 x - a +0 cloak (worn)
Jewellery
 f - a +6 ring of intelligence (left hand)
 r - a ring of ice
 v - an amulet of magic regeneration (around neck)
Wands
 l - a wand of polymorph (10)
 n - a wand of flame (5)
 y - a wand of roots (9)
Scrolls
 e - a scroll of amnesia {unknown}
 h - a scroll of teleportation {unknown}
 o - a scroll of enchant weapon {unknown}
 p - a scroll of fog {unknown}
 q - 5 scrolls of identify {unknown}
 t - a scroll of immolation {unknown}
Potions
 b - a potion of magic
 c - 2 potions of curing {unknown}
 d - a potion of lignification {unknown}
 g - 2 potions of brilliance {unknown}
 j - a potion of berserk rage {unknown}
 u - 2 potions of mutation {unknown}
 w - a potion of resistance {unknown}
 z - 2 potions of haste {unknown}
 A - a potion of invisibility {unknown}


   Skills:
 - Level 1.5 Dodging
 - Level 2.1 Stealth
 + Level 6.1 Spellcasting
 + Level 6.8 Conjurations
 + Level 8.3 Earth Magic


You had 15 spell levels left.
You knew the following spells:

 Your Spells              Type           Power      Damage    Failure   Level
a - Sandblast             Erth           94%        2d19      1%          1
b - Stone Arrow           Conj/Erth      86%        3d12      1%          3

Your spell library contained the following spells:

 Spells                   Type           Power      Damage    Failure   Level
 Passwall                 Erth           47%        N/A       1%          3
 Brom's Barrelling Bould  Conj/Erth      43%        2d6       3%          4
 Call Imp                 Summ           14%        N/A       12%         2
 Petrify                  Alch/Erth      27%        N/A       14%         4
 Summon Hydra             Summ           3%         N/A       100%        7
 Sublimation of Blood     Necr           Unusable   N/A       N/A         2

Dungeon Overview and Level Annotations

Branches:
Dungeon (6/15)             Temple (1/1) D:6

Altars:
Ashenzari
Cheibriados
Dithmenos
Elyvilon
Fedhas
Kikubaaqudgha
Makhleb
Nemelex Xobeh
Qazlal
Ru
Sif Muna
Trog
Uskayaw
Vehumet
Xom
Yredelemnul
The Shining One

Shops:
D:1 =

Annotations:
D:6 1 transporter, Splishie's ghost, amateur GnSh


Innate Abilities, Weirdness & Mutations

You are immune to sickness and miasma.
Your stone body is resilient. (AC +5)
You are immune to poison.
You resist negative energy. (rN+)
You are resistant to electric shocks. (rElec)
You are resistant to unholy torment.
You are immune to petrification.


Message History

The centaur wields a +0 orcbow.
The centaur shoots an arrow.
The arrow hits you!
The blast of sand hits the centaur!
The centaur is heavily wounded.
The centaur shoots an arrow.
The arrow completely misses you.
The centaur shoots an arrow.
The arrow hits you.
The blast of sand hits the centaur!!
You kill the centaur!
Vehumet accepts your kill.
An orc wizard comes into view. It is wielding a +3 dagger.
The orc wizard shouts!
The orc wizard casts a spell at you. You resist with some effort.
Unknown command.
An orc wizard is nearby!
No reachable target in view!
No reachable target in view!
A centaur comes into view.
Found 31 gold pieces, a blue potion and a scroll labelled DIATEI YSTUISM.
The orc wizard casts a spell at you. The puff of flame hits you.
The centaur moves out of view.
Why would you want to do that?
Casting: Sandblast (safe; 1% risk of failure)
Confirm with . or Enter, or press ? or * to list all spells.
You can't see any susceptible monsters within range! (Use Z to cast anyway.) Unknown command.
The orc wizard gestures wildly while chanting.
The orc wizard flickers and vanishes!
Deactivating autopickup; reactivate with Ctrl-A.
The centaur shouts!
The centaur wields a +0 orcbow.
The centaur shoots an arrow.
The arrow hits you!
The centaur shoots an arrow.
The arrow hits you.
A centaur comes into view.
The centaur shouts!
The centaur wields a +0 orcbow.
The centaur shoots an arrow.
The arrow hits you.
The centaur shoots an arrow.
The arrow hits you!
* * * LOW HITPOINT WARNING * * *
The centaur shoots an arrow.
The arrow hits you.
You die...

.........#...#....≈~≈~≈~≈
........##........≈~≈~≈c..
...##....#........≈~≈{≈c$?≈~≈~
...##............#≈~≈≈$...≈~≈~
##......#.........≈≈~≈≈≈≈~≈~≈~
##..... #..........≈≈~~~~≈≈~≈~
.......##...##....≈~≈§≈≈≈≈~≈≈~
......##...####.).≈≈~§§~~~≈≈~≈
...............)@..≈≈≈≈≈≈≈≈.≈≈
...##...##.##.................
.#..#.#......).........##..$.#
.....##................# ..#
.......................# #
..........)..........###
.##........>......##.#
#####....##......##### #
##..#####.####


You could see 2 centaurs.

Vanquished Creatures
  Grinder (D:4)
  Sigmund (D:3)
  Menkaure (D:4)
  Duvessa (D:4)
  An ogre (D:5)
  A centaur (D:6)
  A scorpion (D:5)
  Dowan (D:4)
  A bombardier beetle (D:4)
  A hound (D:4)
  A gnoll bouda (D:4)
  2 orc priests
  A sleepcap (D:5)
  Terence (D:2)
  Natasha (D:2)
  An iguana (D:5)
  6 orc wizards
  Robin (D:2)
  14 gnolls
  6 adders
  A shadow imp (D:6)
  A white imp (D:6)
  A dart slug (D:1)
  5 ribbon worms
  10 orcs
  5 endoplasms
  A giant cockroach (D:3)
  16 goblins
  9 hobgoblins
  7 jackals
  2 quokkas
  5 ball pythons
  3 bats
  3 frilled lizards
  8 kobolds
  8 rats
129 creatures vanquished.

Notes
Turn   | Place    | Note
-------+----------+-------------------------------------------
     0 | D:1      | CougarLife the Gargoyle Earth Elementalist began the quest
                  | for the Orb.
     0 | D:1      | Reached XP level 1. HP: 10/10 MP: 3/3
    32 | D:1      | Found Nisose Zaumu's Jewellery Boutique.
   500 | D:1      | Reached XP level 2. HP: 15/15 MP: 1/5
  1152 | D:2      | Reached skill level 4 in Earth Magic
  1430 | D:2      | Reached XP level 3. HP: 19/19 MP: 3/6
  1523 | D:3      | Learned a level 3 spell: Stone Arrow
  1627 | D:2      | Reached XP level 4. HP: 13/24 MP: 3/8
  1884 | D:2      | Noticed Robin
  1980 | D:2      | Killed Robin
  1981 | D:2      | Reached XP level 5. HP: 28/28 MP: 0/9
  2072 | D:2      | Found a faded altar of an unknown god.
  2219 | D:2      | Noticed Terence
  2229 | D:2      | Killed Terence
  2230 | D:2      | Reached skill level 5 in Earth Magic
  2231 | D:2      | Noticed Natasha
  2233 | D:2      | Killed Natasha
  3256 | D:3      | Noticed Sigmund
  3288 | D:3      | Killed Sigmund
  3289 | D:3      | Reached XP level 6. HP: 32/32 MP: 1/12
  3929 | D:4      | Noticed Grinder
  3935 | D:4      | Killed Grinder
  3936 | D:4      | Reached skill level 6 in Earth Magic
  3936 | D:4      | Reached XP level 7. HP: 32/36 MP: 8/13
  4053 | D:4      | Reached skill level 5 in Conjurations
  4513 | D:4      | Noticed Menkaure
  4517 | D:4      | Killed Menkaure
  4518 | D:4      | Reached skill level 5 in Spellcasting
  4518 | D:4      | Reached skill level 7 in Earth Magic
  4518 | D:4      | Reached XP level 8. HP: 41/41 MP: 12/15
  4575 | D:4      | Noticed Dowan
  4576 | D:4      | Noticed Duvessa
  4590 | D:4      | Killed Duvessa
  4594 | D:4      | Killed Dowan
  4986 | D:5      | Entered Level 5 of the Dungeon
  5809 | D:5      | Reached skill level 8 in Earth Magic
  6234 | D:6      | Found a staircase to the Ecumenical Temple.
  6243 | Temple   | Entered the Ecumenical Temple
  6249 | Temple   | Became a worshipper of Vehumet
  6397 | D:6      | Found a transporter.
  6398 | D:6      | Noticed a shadow
  6402 | D:6      | Noticed Splishie's ghost (amateur GnSh)
  6526 | D:6      | HP: 2/41 [centaur/arrow (12)]
  6526 | D:6      | Shot with an arrow by a centaur

Illustrated notes

Levels and vault maps discovered:
D:1:      pf_arrival_petrified_forest, layout_basic, serial_curves,
          eino_curves_04, eino_curves_04, eino_curves_02, serial_shops, shop,
          minmay_misc_feat_encased, minmay_misc_feat_four_crosses
D:2:      minmay_diamond_boxcup, layout_loops_ring,
          shapermc_ecumenical_altar_notcrosses, uniq_robin, uniq_terence,
          uniq_natasha
D:3:      layout_loops_ring, uniq_sigmund
D:4:      layout_gridville, uniq_duvessa, uniq_grinder, uniq_menkaure
D:5:      layout_basic
D:6:      nicolae_whirlpool, layout_cave_pools, minmay_temple_entry_poolview,
          gammafunk_ghost_arena
Temple:   sentei_temple_godly_chess

Skill      XL: |  1  2  3  4  5  6  7  8 |
---------------+-------------------------+-----
Earth Magic    | 4 5 6 7 8 |  8.3
Conjurations   | 2 3 4 5 6 |  6.8
Spellcasting   | 3 4 5 6 |  6.1
Dodging        | |  1.5
Stealth        | |  2.1

Action                     |  1- 3 |  4- 6 |  7- 9 || total
---------------------------+-------+-------+-------++-------
  Melee: Dagger            |    27 |    17 |     2 ||    46
         Unarmed           |     1 |       |       ||     1
   Cast: Sandblast         |    45 |    71 |    70 ||   186
         Stone Arrow       |     1 |     8 |     7 ||    16
 Armour: Robe              |    26 |    28 |    43 ||    97
  Dodge: Dodged            |    34 |    33 |    26 ||    93

Table legend: (Time is in decaauts)
 A = Elapsed time spent in this place.
 B = Non-inter-level travel time spent in this place.
 C = Inter-level travel time spent in this place.
 D = Time resting spent in this place.
 E = Time spent auto-exploring this place.
 F = Levels seen in this place.
 G = Mean time per level.
                   A        B        C        D        E       F      G
               +--------+--------+--------+--------+--------+-----+--------+
         Total |   6621 |   6057 |    564 |    804 |   4355 |   7 |  945.9 |
       Dungeon |   6608 |   6049 |    559 |    804 |   4355 |   6 | 1101.3 |
        Temple |     12 |      7 |      5 |      0 |      0 |   1 |   12.0 |
               +--------+--------+--------+--------+--------+-----+--------+

Top non-repeatable levels by time:
     D:2: 1565 daAuts
     D:1: 1215 daAuts
     D:5: 1213 daAuts
     D:3: 1188 daAuts
     D:4: 1098 daAuts
     D:6: 327 daAuts
  Temple: 12 daAuts
